 Dungeon Crawl Stone Soup version 0.31-a0-441-g867994ef1c (webtiles) character file.

Game seed: 1335065017477809350

18649 jasper the Nimble (level 12, -7/71 HPs)
             Began as a Spriggan Hunter on Aug 2, 2023.
             Was a High Priest of Ashenzari.
             Killed by the air
             ... invoked by Gastronok
              (35 damage)
             ... on level 1 of the Lair of Beasts.
             The game lasted 00:25:36 (11507 turns).

jasper the Nimble (Spriggan Hunter)                Turns: 11507, Time: 00:25:36

Health: -7/71      AC:  6    Str:  7    XL:     12   Next: 29%
Magic:  0/13       EV: 31    Int: 11    God:    Ashenzari [*****.]
Gold:   174        SH:  0    Dex: 23    Spells: 11/11 levels left

rFire   . . .        a - +0 shortbow "Cryptic Ethics" {Cun, Range} (curse)
rCold   . . .        (shield currently unavailable)
rNeg    . . .        H - +1 steam dragon scales of Ouranomancy {Dev, Alch} (curse)
rPois   .            (helmet currently unavailable)
rElec   .            j - melded +0 cloak of the Shackled Jealousy {Cun, Alch} (curse)
rCorr   .            (gloves unavailable)
SInv    +            (boots unavailable)
Will    ++...        L - amulet "Restrained Together" {Spirit, Dev, Bglg} (curse)
Stlth   ++++         I - ring of the Sidereal Urgency {Fly, Self, Cun} (curse)
HPRegen 0.31/turn    (no ring)
MPRegen 0.13/turn

%: clarity, guardian spirit
@: beast-form, flying, slowed, quick
A: beast (slay +7), very small, no large weapons, unfitting armour, see
invisible, speed 3
a: Begin Untransformation, Renounce Religion, Curse Item, Shatter the Chains


You were on level 1 of the Lair of Beasts.
You worshipped Ashenzari.
Ashenzari was extremely pleased with you.
You were a hulking beast.
You visited 2 branches of the dungeon, and saw 13 of its levels.
You also visited: Sewer, Ossuary and Bailey.

You collected 769 gold pieces.
You spent 595 gold pieces at shops.

Inventory:

Hand Weapons
 a - the cursed +0 shortbow "Cryptic Ethics" (weapon) {Cun, Range}

   It has a curse which improves the following skills: Cunning: Dodging and
   Stealth.
   Ranged Combat: Ranged Weapons and Throwing.
 M - a +0 shortbow
 O - a +1 antimagic shortbow
 P - a +3 shortbow
Missiles
 m - 8 atropa-tipped darts
 n - 22 boomerangs
 F - 24 poisoned darts
 R - a throwing net
Armour
 j - the cursed +0 cloak of the Shackled Jealousy (melded) {Cun, Alch}
   (You found it on level 1 of the Dungeon)

   It has a curse which improves the following skills: Cunning: Dodging and
   Stealth.
   Alchemy:   Poison Magic and Transmutations.
 H - the cursed +1 steam dragon scales of Ouranomancy (worn) {Dev, Alch}
   (You took it off Maggie on level 6 of the Dungeon)

   It has a curse which improves the following skills: Devices: Evocations and
   Shapeshifting.
   Alchemy:   Poison Magic and Transmutations.
Jewellery
 I - the cursed ring of the Sidereal Urgency (left hand) {Fly, Self, Cun}
   (You found it in a bailey)

   [ring of flight]

   Fly:       It grants you flight.
   It has a curse which improves the following skills: Introspection: Fighting
   and Spellcasting.
   Cunning:   Dodging and Stealth.
 K - an amulet of the acrobat
 L - the cursed amulet "Restrained Together" (around neck) {Spirit, Dev, Bglg}
   (You found it on level 7 of the Dungeon)

   [amulet of guardian spirit]

   It causes incoming damage to be divided between your reserves of health and
   magic.
   It has a curse which improves the following skills: Devices: Evocations and
   Shapeshifting.
   Beguiling: Conjurations, Hexes and Translocations.
 Q - a ring of resist corrosion
 S - an amulet of magic regeneration
Talismans
 i - a beast talisman (active)
Wands
 E - a wand of digging (2)
 G - a wand of polymorph (9)
 J - a wand of roots (12)
 N - a wand of flame (6)
Scrolls
 b - a scroll of butterflies
 d - a scroll of enchant weapon
 e - 2 scrolls of immolation
 l - 3 scrolls of fog
 p - 11 scrolls of teleportation
 q - 3 scrolls of blinking
 r - 5 scrolls of fear
 s - 2 scrolls of noise
 u - 5 scrolls of revelation
 v - 3 scrolls of enchant armour
 y - a scroll of summoning
 D - a scroll of torment
Potions
 c - 2 potions of invisibility
 f - 5 potions of heal wounds
 g - a potion of haste
 h - 4 potions of mutation
 k - 5 potions of brilliance
 o - 8 potions of enlightenment
 t - 5 potions of cancellation
 w - a potion of might
 x - 3 potions of lignification
 z - 9 potions of curing
 A - 3 potions of resistance
 B - 2 potions of ambrosia
Miscellaneous
 C - a lightning rod (4/4)


   Skills:
 + Level 9.7(11.8) Fighting
 - Level 4.0(6.0) Ranged Weapons
 + Level 11.0(14.1) Dodging
 - Level 3.4(6.1) Stealth
 - Level 10.0 Unarmed Combat
 - Level 5.1(8.2) Evocations
 - Level 10.0(13.1) Shapeshifting


You had 11 spell levels left.
You didn't know any spells.
Your spell library contained the following spells:

 Spells                   Type           Power      Damage    Failure   Level
 Kiss of Death            Conj/Necr      0%         2d5       32%         1
 Sandblast                Erth           0%         2d4       34%         1
 Passwall                 Tmut/Erth      0%         N/A       45%         2
 Confusing Touch          Hex            0%         N/A       67%         3
 Portal Projectile        Hex/Tloc       0%         N/A       67%         3
 Tukima's Dance           Hex            0%         N/A       67%         3
 Stone Arrow              Conj/Erth      0%         3d7       69%         3
 Call Canine Familiar     Summ           0%         N/A       71%         3
 Ozocubu's Armour         Ice            0%         N/A       71%         3
 Leda's Liquefaction      Hex/Erth       0%         N/A       97%         4
 Passage of Golubria      Tloc           0%         N/A       97%         4
 Dispel Undead            Necr           0%         3d6       98%         4
 Metabolic Englaciation   Hex/Ice        0%         N/A       100%        5
 Yara's Violent Unravell  Hex/Tmut       0%         3d3       100%        5
 Simulacrum               Ice/Necr       0%         N/A       100%        6


Dungeon Overview and Level Annotations

Branches:
Dungeon (12/15)            Temple (0/1) D:7            Lair (1/5) D:9
    Orc (0/2) D:10          Sewer (visited)         Ossuary (visited)
 Bailey (visited)

Altars:
Ashenzari
Makhleb
Qazlal
Zin

Shops:
D:4 **   D:10 !

Annotations:
D:5 2 runed translucent doors, promet's ghost, novice OpBr
Lair:1 Gastronok


Innate Abilities, Weirdness & Mutations

You are a hulking beast.
Your limbs bulge with bestial killing power. (Slay +7)
You are very small and have problems with some larger weapons.
You are too small for most types of armour.
You have supernaturally acute eyesight. (SInv)
You cover ground extremely quickly. (Speed+++)


Message History

The air twists around and strikes you!!
You take 17 damage, and have 54/71 hp.
MASSIVE DAMAGE!!
You now have 9/13 mp.
You start resting.
Gastronok is nearby!
Fire: a) +0 shortbow "Cryptic Ethics" {Cun, Range} (curse)
Press: ? - help, Q - select action, (/) - cycle Shift-Dir - straight line, f/p - Gastronok
Aim: Gastronok, wearing the +3 hat of Pondering {ponderous, Will+ MP+10 Int+5} (moderately wounded, covering ground quickly, very poisoned, 95% to hit)
You shoot an arrow. The arrow hits Gastronok.
Gastronok is heavily wounded.
Fire: a) +0 shortbow "Cryptic Ethics" {Cun, Range} (curse)
Press: ? - help, Q - select action, (/) - cycle Shift-Dir - straight line, f/p - Gastronok
Aim: Gastronok, wearing the +3 hat of Pondering {ponderous, Will+ MP+10 Int+5} (heavily wounded, covering ground quickly, poisoned, 95% to hit)
You shoot an arrow. The arrow hits Gastronok!
Gastronok is heavily wounded.
Gastronok looks at you while chanting.
You feel yourself slow down.
You start resting.
Gastronok is nearby!
Fire: a) +0 shortbow "Cryptic Ethics" {Cun, Range} (curse)
Press: ? - help, Q - select action, (/) - cycle Shift-Dir - straight line, f/p - Gastronok
Aim: Gastronok, wearing the +3 hat of Pondering {ponderous, Will+ MP+10 Int+5} (heavily wounded, covering ground quickly, poisoned, 95% to hit)
You shoot an arrow. The arrow hits Gastronok.
Gastronok is heavily wounded.
Gastronok waves his eye-stalks in wide circles.
The air twists around and strikes you!!!
You take 31 damage, and have 27/71 hp.
MASSIVE DAMAGE!!
You now have 5/13 mp.
Fire: a) +0 shortbow "Cryptic Ethics" {Cun, Range} (curse)
Press: ? - help, Q - select action, (/) - cycle Shift-Dir - straight line, f/p - Gastronok
Aim: Gastronok, wearing the +3 hat of Pondering {ponderous, Will+ MP+10 Int+5} (heavily wounded, covering ground quickly, poisoned, 95% to hit)
You shoot an arrow. The arrow hits Gastronok.
Gastronok is severely wounded.
Gastronok is no longer moving quickly.
Fire: a) +0 shortbow "Cryptic Ethics" {Cun, Range} (curse)
Press: ? - help, Q - select action, (/) - cycle Shift-Dir - straight line, f/p - Gastronok
Aim: Gastronok, wearing the +3 hat of Pondering {ponderous, Will+ MP+10 Int+5} (heavily wounded, poisoned, 95% to hit)
You shoot an arrow. The arrow hits Gastronok.
Gastronok is severely wounded.
Gastronok waves his eye-stalks in wide circles.
The air twists around and strikes you!!!
You die...

#...#P.......##....####........,
*#...##.......##................
#....†.......#P....##....##....
*#.†.#######.###....# ,#### ..,
#...#####P#.###....##.# ,,. ,
##......................,, ,,
##......................, , , ,
........................, , ,
....w.w...w.....h......., , , ,
, .......?................,
,,,,, ........................ ,
......####.P##.......... , , ,
......# #######........ ,,
......#*,** ....###..,** ,
......+ , #...# ,., , * ......#*
,,, #...#, , , * , *, ,, ** , ,
,,,


You could see Gastronok (poisoned).

Vanquished Creatures
  5 skeletal warriors (D:11)
  Pikel (D:5)
  A manticore (D:11)
  Joseph (D:7)
  A gargoyle (D:12)
  An unseen horror (D:10)
  Maggie (D:6)
  A kobold demonologist (D:9)
  2 komodo dragons
  3 trolls (D:11)
  A hornet (D:10)
  Sigmund (D:2)
  A wyvern (D:9)
  5 wraiths
  2 shadows
  11 yaks
  3 fire elementals (D:12)
  Menkaure (D:6)
  3 acid dragons
  3 water moccasins
  2 sky beasts (D:8)
  6 orc warriors
  2 ice beasts (D:7)
  4 black bears
  6 wolves (Lair:1)
  2 centaurs (D:9)
  A lemure (D:5)
  4 phantoms
  3 kobold brigands
  5 bullfrogs
  2 gnoll sergeants (D:11)
  An elf skeleton (D:4)
  3 scorpions
  2 water moccasin zombies (Ossuary)
  8 wights
  A howler monkey (D:10)
  3 electric eels (D:11)
  4 hounds
  2 gnoll boudas
  4 orc priests
  A human zombie (D:4)
  A human skeleton (D:4)
  A hell rat (Sewer)
  3 iguanas
  5 orc wizards
  2 mummies (Ossuary)
  23 gnolls
  7 adders
  2 river rats
  A shadow imp (D:5)
  A white imp (D:5)
  5 adder zombies (Ossuary)
  3 worms
  5 dart slugs
  15 orcs
  2 ball pythons (D:1)
  5 endoplasms
  6 giant cockroaches
  3 gnoll zombies (Ossuary)
  9 hobgoblins
  4 jackals (D:1)
  37 kobolds
  5 quokkas
  4 bats
  2 frilled lizards
  12 goblins
  3 hobgoblin zombies (Ossuary)
  4 kobold zombies (Ossuary)
  2 orc skeletons (D:4)
  8 orc zombies
  11 rats
305 creatures vanquished.

Notes
Turn   | Place    | Note
-------+----------+-------------------------------------------
     0 | D:1      | jasper the Spriggan Hunter began the quest for the Orb.
     0 | D:1      | Reached XP level 1. HP: 10/10 MP: 2/2
    39 | D:1      | Found a faded altar of an unknown god.
    47 | D:1      | Prayed at the altar of an unknown god.
    47 | D:1      | Became a worshipper of Ashenzari the Shackled
    52 | D:1      | Reached * piety under Ashenzari
    94 | D:1      | Reached XP level 2. HP: 15/15 MP: 3/3
   136 | D:1      | Reached skill level 3 in Dodging
   305 | D:1      | Reached XP level 3. HP: 18/18 MP: 4/4
   329 | D:1      | Reached ** piety under Ashenzari
   932 | D:2      | Reached *** piety under Ashenzari
   997 | D:2      | Identified the +0 pair of gloves "Toinniasm" {rF- rCorr
                  | Str+9 Dex-3}
  1086 | D:2      | Reached skill level 1 in Unarmed Combat
  1227 | D:2      | Noticed Sigmund
  1373 | D:3      | Reached XP level 4. HP: 23/23 MP: 5/5
  1376 | D:3      | Reached skill level 4 in Dodging
  1524 | D:3      | Found a glowing drain.
  1528 | Sewer    | Entered a sewer
  1752 | D:3      | Reached XP level 5. HP: 27/27 MP: 6/6
  1755 | D:3      | Reached skill level 5 in Dodging
  1886 | D:4      | Found Oteniteu's Specific Store.
  1889 | D:4      | Found Wuntiysuung's General Store.
  1893 | D:4      | Bought a scroll of revelation for 97 gold pieces
  1986 | D:4      | Noticed a phantom
  2006 | D:4      | Killed a phantom
  2007 | D:4      | Reached skill level 6 in Dodging
  2007 | D:4      | Reached XP level 6. HP: 22/32 MP: 7/7
  2158 | D:4      | Reached skill level 7 in Dodging
  2158 | D:4      | Reached XP level 7. HP: 36/36 MP: 8/8
  2186 | D:4      | Found Zin's Purification Station.
  2193 | D:4      | Found a glowing silver altar of Zin.
  2198 | D:4      | Bought a potion of curing for 90 gold pieces
  2248 | D:4      | Reached skill level 1 in Shapeshifting
  2483 | D:4      | Found a sand-covered staircase.
  2500 | Ossuary  | Entered an ossuary
  2860 | D:5      | Entered Level 5 of the Dungeon
  2860 | D:5      | Noticed Pikel
  2951 | D:5      | Reached XP level 8. HP: 27/42 MP: 9/9
  3223 | D:5      | Found a large runed translucent door.
  3223 | D:5      | Found a large runed translucent door.
  3228 | D:5      | Noticed promet's ghost (novice OpBr)
  3415 | D:5      | Found a burning altar of Makhleb.
  3432 | D:5      | Reached skill level 5 in Shapeshifting
  3693 | D:5      | Killed Pikel
  4100 | D:6      | Reached XP level 9. HP: 45/45 MP: 10/10
  4172 | D:6      | Noticed Menkaure
  4176 | D:6      | Killed Menkaure
  4284 | D:6      | Identified the +8 morningstar of Ykhouq {antimagic, *Slow
                  | rC++ rCorr}
  4450 | D:6      | Noticed Maggie
  4583 | D:6      | HP: 1/45 [Maggie/bolt of fire (25)]
  4599 | D:6      | Killed Maggie
  4600 | D:6      | Reached skill level 10 in Shapeshifting
  4912 | D:7      | Noticed Joseph
  4917 | D:7      | Killed Joseph
  4936 | D:7      | Reached skill level 8 in Dodging
  5099 | D:7      | Found a flagged portal.
  5116 | Bailey   | Entered a bailey
  5149 | Bailey   | Noticed an orc warlord
  5201 | Bailey   | Reached skill level 5 in Fighting
  5313 | Bailey   | Found a runed translucent gate.
  5316 | Bailey   | Found a runed translucent gate.
  5318 | Bailey   | Found a runed translucent gate.
  5563 | D:7      | Reached XP level 10. HP: 56/56 MP: 11/11
  5709 | D:7      | Found a staircase to the Ecumenical Temple.
  6682 | D:2      | Killed Sigmund
  6988 | D:8      | Reached **** piety under Ashenzari
  7005 | D:8      | Reached XP level 11. HP: 60/60 MP: 12/12
  7218 | D:8      | Found a stormy altar of Qazlal.
  7909 | D:9      | Reached ***** piety under Ashenzari
  8224 | D:9      | Found a staircase to the Lair.
  8902 | D:10     | Entered Level 10 of the Dungeon
  9056 | D:10     | Found Adaaf's Distillery.
  9064 | D:10     | Bought a potion of curing for 36 gold pieces
  9064 | D:10     | Bought 2 potions of resistance for 240 gold pieces
  9064 | D:10     | Bought a potion of curing for 36 gold pieces
  9064 | D:10     | Bought a potion of curing for 36 gold pieces
  9064 | D:10     | Bought a potion of heal wounds for 60 gold pieces
  9102 | D:10     | Identified the +2 robe of the Good {rC- Int+3 Stlth+}
  9333 | D:10     | Found a staircase to the Orcish Mines.
  9548 | D:11     | Reached skill level 10 in Unarmed Combat
  9572 | D:11     | Reached skill level 9 in Dodging
  9603 | D:11     | Reached skill level 1 in Evocations
  9859 | D:11     | Identified the +1 great sword of Vengeance {drain, rF+ rC+}
 10065 | D:11     | Noticed a skeletal warrior
 10124 | D:11     | Killed a skeletal warrior
 10161 | D:11     | Noticed a skeletal warrior
 10162 | D:11     | Noticed a skeletal warrior
 10548 | D:11     | Noticed a skeletal warrior
 10563 | D:11     | Noticed a skeletal warrior
 10718 | D:11     | Killed a skeletal warrior
 10719 | D:11     | Reached skill level 10 in Dodging
 10719 | D:11     | Reached XP level 12. HP: 70/70 MP: 13/13
 10939 | D:12     | Reached skill level 5 in Evocations
 11257 | Lair:1   | Entered Level 1 of the Lair of Beasts
 11323 | Lair:1   | Reached skill level 11 in Dodging
 11446 | Lair:1   | Noticed Gastronok
 11507 | Lair:1   | Killed from afar by Gastronok

Illustrated notes

Levels and vault maps discovered:
D:1:      scummos_arrival_simple_crosswalls, layout_basic,
          hellmonk_ecumenical_altar_blasted
D:2:      layout_basic, hangedman_decor_growths, uniq_sigmund
D:3:      layout_rooms, gup_sewer_entry_bowl
D:4:      layout_rooms, zin_purify, nicolae_ossuary_entry_catacombs,
          minmay_misc_feat_tiny, nicolae_specific_store
D:5:      layout_rooms, lemuel_tele_altar, ebering_ghost_disaster_area,
          st_stairs_2, grunt_ministairs_15, supply_closet_lemuel, uniq_pikel
D:6:      layout_rooms, uniq_menkaure, uniq_maggie
D:7:      layout_loops_ring, lemuel_temple_firewalk_b, enter_bailey_7,
          uniq_joseph
D:8:      layout_basic, nicolae_qazlal_style_of_elements, chequers_avenue
D:9:      layout_gridville, grunt_lair_entry_orc_guard_hut
D:10:     layout_cross, orc_0_dummy, serial_shops, shop,
          nicolae_elevator_lobby_asterisk
D:11:     layout_cave_pools, water_boxes_lemuel
D:12:     layout_basic, xom_shifter_show, uniq_azrael
Lair:1:   layout_regular_city, nicolae_quartered_pool_little, uniq_gastronok,
          uniq_sonja

Skill      XL: |  1  2  3  4  5  6  7  8  9 10 11 12 |
---------------+-------------------------------------+-----
Stealth        | 2 3 |  3.4
Dodging        | 3 4 6 7 8 10 11 | 11.0
Fighting       | 2 3 4 7 8 9 |  9.7
Unarmed Combat | 1 2 3 7 10 | 10.0
Shapeshifting  | 4 8 10 | 10.0
Evocations     | 4 5 |  5.1
Ranged Weapons | |  4.0

Action                     |  1- 3 |  4- 6 |  7- 9 | 10-12 || total
---------------------------+-------+-------+-------+-------++-------
   Fire: Shortbow          |   127 |   164 |   479 |   759 ||  1529
  Throw: Dart              |       |       |     1 |     4 ||     5
 Invoke: Curse Item        |     3 |       |       |     3 ||     6
         Shatter the Chain |       |       |     1 |       ||     1
  Evoke: Lightning rod     |       |       |     6 |     5 ||    11
    Use: Potion            |       |       |     5 |       ||     5
 Armour: Robe              |     3 |     4 |    14 |       ||    21
         Steam dragon scal |       |       |     3 |    18 ||    21
  Dodge: Dodged            |    33 |    70 |   254 |   372 ||   729
   Form: Beast             |       |       |     1 |       ||     1

Table legend: (Time is in decaauts)
 A = Elapsed time spent in this place.
 B = Non-inter-level travel time spent in this place.
 C = Inter-level travel time spent in this place.
 D = Time resting spent in this place.
 E = Time spent auto-exploring this place.
 F = Levels seen in this place.
 G = Mean time per level.
                   A        B        C        D        E       F      G
               +--------+--------+--------+--------+--------+-----+--------+
         Total |   8762 |   8262 |    500 |    558 |   5095 |  16 |  547.6 |
       Dungeon |   7808 |   7308 |    500 |    536 |   4570 |  12 |  650.7 |
          Lair |    227 |    227 |      0 |     14 |    127 |   1 |  227.0 |
         Sewer |    142 |    142 |      0 |      2 |     89 |   1 |  142.0 |
       Ossuary |    229 |    229 |      0 |      0 |     94 |   1 |  229.0 |
        Bailey |    355 |    355 |      0 |      5 |    213 |   1 |  355.0 |
               +--------+--------+--------+--------+--------+-----+--------+

Top non-repeatable levels by time:
    D:11: 1333 daAuts
     D:5: 828 daAuts
     D:8: 798 daAuts
     D:4: 784 daAuts
     D:7: 781 daAuts
     D:9: 718 daAuts
     D:6: 609 daAuts
     D:2: 603 daAuts
     D:1: 512 daAuts
    D:10: 416 daAuts
  Bailey: 355 daAuts
     D:3: 333 daAuts
 Ossuary: 229 daAuts
  Lair:1: 227 daAuts
   Sewer: 142 daAuts
